 Dungeon Crawl Stone Soup version 0.32-a0-814-g0968bab981 (webtiles) character file.

Game seed: 15315649841357113541

765 Ajdolov the Cudgeller (level 7, 0/55 (61) HPs)
             Began as an Armataur Gladiator on Mar 22, 2024.
             Slain by an ufetubus (3 damage)
             ... on level 6 of the Dungeon.
             The game lasted 00:05:34 (4037 turns).

Ajdolov the Cudgeller (Armataur Gladiator)          Turns: 4037, Time: 00:05:34

HP:   0/55 (61)     AC:  8    Str: 21    XL:     7   Next: 51%
MP:   7/7           EV:  5    Int:  9    God:
Gold: 247           SH:  0    Dex: 11    Spells: 6/6 levels left

rFire   . . .        y - +1 flail (protect)
rCold   . . .        (no shield)
rNeg    . . .        r - +0 chain mail
rPois   .            c - +0 helmet
rElec   .            (no cloak)
rCorr   +            (no gloves)
SInv    .            (no barding)
Will    .....        (no amulet) Stlth
                     s - ring of resist corrosion
HPRegen 0.94/turn    (no ring)
MPRegen 0.43/turn

%: roll
@: drained
A: large, deformed body, tough skin 3, armoured tail, rollpage 2
a: no special abilities


You were on level 6 of the Dungeon.
You visited 1 branch of the dungeon, and saw 6 of its levels.

You collected 247 gold pieces.

Inventory:

Hand Weapons
 y - a +1 flail of protection (weapon)
Missiles
 d - 2 throwing nets (quivered)
 e - 3 javelins
Armour
 c - a +0 helmet (worn)
 r - a +0 chain mail (worn)
 x - a +0 kite shield
Jewellery
 i - a ring of ice
 s - a ring of resist corrosion (left hand)
 w - a ring of positive energy
 z - a ring of protection from cold
Wands
 q - a wand of polymorph (8)
 t - a wand of flame (13)
Scrolls
 b - 2 scrolls of identify {unknown}
 g - 2 scrolls of noise {unknown}
 j - a scroll of teleportation {unknown}
 l - 2 scrolls of amnesia {unknown}
 m - 2 scrolls of fog {unknown}
 u - 4 scrolls of enchant weapon {unknown}
 A - a scroll of poison {unknown}
Potions
 a - a potion of resistance {unknown}
 f - 2 potions of curing {unknown}
 h - 2 potions of mutation {unknown}
 k - a potion of magic {unknown}
 n - a potion of ambrosia {unknown}
 o - a potion of enlightenment {unknown}
 p - 2 potions of attraction {unknown}
 v - a potion of brilliance {unknown}


   Skills:
 - Level 5.0 Fighting
 + Level 6.6 Maces & Flails
 - Level 1.7 Throwing
 - Level 2.1 Dodging


You had 6 spell levels left.
You didn't know any spells.
Your spell library contained the following spells:

 Spells                   Type           Power      Damage    Failure   Level
 Foxfire                  Conj/Fire      0%         2x1d4     97%         1
 Scorch                   Fire           0%         2d5       99%         2
 Inner Flame              Hex/Fire       0%         N/A       100%        3
 Stone Arrow              Conj/Erth      0%         3d7       100%        3
 Animate Armour           Summ/Erth      0%         N/A       100%        4
 Flame Wave               Conj/Fire      0%         2d4       100%        4
 Irradiate                Conj/Alch      0%         3d11      100%        5
 Plasma Beam              Fire/Air       0%         2x1d10    100%        6
 Starburst                Conj/Fire      0%         6d3       100%        6
 Summon Cactus Giant      Summ           0%         N/A       100%        6
 Ignition                 Fire           0%         3d3       100%        8
 Lehudib's Crystal Spear  Conj/Erth      0%         10d2      100%        8


Dungeon Overview and Level Annotations

Branches:
Dungeon (6/15)
 Temple: D:4-7

Altars:
Vehumet

Shops:
D:2 *

Annotations:
D:6 Jeremiah


Innate Abilities, Weirdness & Mutations

Armour fits poorly on your strangely shaped body.
You have extremely tough skin. (AC +3)
You have a long armoured tail.
You regenerate magic and health when rolling toward enemies. (Rampage Regen)


Message History

The ufetubus attacks as it pursues you!
The ufetubus hits you but does no damage.
The ufetubus hits you. The wight hits you with a +2 flail!
You feel drained.
The ufetubus hits you but does no damage.
The ufetubus hits you. The wight hits you with a +2 flail!
* * * LOW HITPOINT WARNING * * *
You feel drained.
* * * LOW HITPOINT WARNING * * *
The ufetubus barely misses you. The ufetubus hits you.
* * * LOW HITPOINT WARNING * * *
Unknown command.
The ufetubus attacks as it pursues you!
The ufetubus hits you but does no damage.
The ufetubus hits you.
* * * LOW HITPOINT WARNING * * *
The ufetubus slips past you!
The ufetubus hits you but does no damage. x2
You closely miss the ufetubus. The ufetubus hits you.
* * * LOW HITPOINT WARNING * * *
The ufetubus hits you.
* * * LOW HITPOINT WARNING * * *
The ufetubus hits you.
* * * LOW HITPOINT WARNING * * *
The ufetubus hits you.
* * * LOW HITPOINT WARNING * * *
The ufetubus barely misses you. The ufetubus completely misses you.
The ufetubus slips past you! The ufetubus completely misses you.
The ufetubus hits you.
* * * LOW HITPOINT WARNING * * *
The ufetubus hits you.
* * * LOW HITPOINT WARNING * * *
The ufetubus hits you but does no damage.
The ufetubus closely misses you.
The ufetubus hits you but does no damage.
You barely miss the ufetubus.
Your tail-slap misses the ufetubus.
The bullfrog hits you.
* * * LOW HITPOINT WARNING * * *
The ufetubus hits you.
You die...

##### ##zoo## .
##.zz..## .#
##..#'#.z## .###
##F5##.##..###...#
#@z##...##zos....#
#55##.....##.o....#
#......ß..z$..##...
#..###.o.###...##..
##.# #...#.....<#..
#.# #..s...... #.#
#......... #.#
###o......
..........


You could see a bullfrog, 4 wights, 3 ufetubi and 2 orcs.

Vanquished Creatures
  A steam dragon (D:4)
  A bullfrog (D:3)
  A scorpion (D:4)
  A howler monkey (D:5)
  A bombardier beetle (D:5)
  3 hounds
  A jelly (D:6)
  An orc priest (D:4)
  Ijyb (D:3)
  A sleepcap (D:5)
  2 iguanas (D:5)
  9 adders
  3 ufetubi
  3 dart slugs
  2 ribbon worms (D:2)
  5 orcs
  6 ball pythons
  2 bats (D:1)
  8 endoplasms
  6 giant cockroaches
  7 goblins
  3 hobgoblins
  5 jackals
  3 quokkas
  8 frilled lizards
  5 kobolds
  6 rats
95 creatures vanquished.

Notes
Turn   | Place    | Note
-------+----------+-------------------------------------------
     0 | D:1      | Ajdolov the Armataur Gladiator began the quest for the Orb.
     0 | D:1      | Reached XP level 1. HP: 17/17 MP: 1/1
    88 | D:1      | Reached XP level 2. HP: 19/25 MP: 2/2
   598 | D:2      | Reached XP level 3. HP: 31/31 MP: 3/3
   675 | D:2      | Found Caidus's Assorted Antiques.
  1107 | D:2      | Reached XP level 4. HP: 33/40 MP: 4/4
  1181 | D:3      | Noticed Ijyb
  1229 | D:3      | Killed Ijyb
  1281 | D:3      | Found a faded altar of an unknown god.
  1820 | D:3      | Reached XP level 5. HP: 45/47 MP: 5/5
  1858 | D:3      | Reached skill level 5 in Fighting
  1972 | D:3      | Reached skill level 3 in Maces & Flails
  2307 | D:4      | Found a radiant altar of Vehumet.
  2351 | D:4      | Reached XP level 6. HP: 42/56 MP: 6/6
  2399 | D:4      | Reached skill level 4 in Maces & Flails
  2435 | D:4      | Noticed a steam dragon
  2455 | D:4      | Killed a steam dragon
  2862 | D:4      | Reached skill level 5 in Maces & Flails
  3460 | D:5      | Entered Level 5 of the Dungeon
  3485 | D:5      | Gained mutation: You regenerate magic and health when
                  | rolling toward enemies. (Rampage Regen) [Armataur growth]
  3485 | D:5      | Reached XP level 7. HP: 58/61 MP: 7/7
  3615 | D:5      | Reached skill level 6 in Maces & Flails
  4007 | D:6      | Noticed Jeremiah
  4037 | D:6      | Slain by an ufetubus

Illustrated notes

Levels and vault maps discovered:
D:1:      hellmonk_arrival_library, layout_rooms
D:2:      layout_rooms, serial_shops, shop_statue, kennysheep_generic_room_11
D:3:      layout_loops_ring, nicolae_overflow_ecumenical_swirl,
          minmay_hedge_maze, nicolae_concentric_dashed_squares_mild,
          st_stairs_5, minmay_divided_ellipse, uniq_ijyb
D:4:      layout_loops_ring, nicolae_vehumet_altar_sigil, reono_crystal_passage
D:5:      layout_basic, serial_aquarium, aquarium_bridge_straight
          [aquarium_subvault_bridge, aquarium_subvault_window,
          aquarium_subvault_bridge, aquarium_subvault_window],
          aquarium_bridge_straight [aquarium_subvault_bridge,
          aquarium_subvault_window, aquarium_subvault_bridge,
          aquarium_subvault_wall], aquarium_window_2, aquarium_window_fake,
          aquarium_view_2b
D:6:      layout_cave_pools, minmay_temple_entry_stoned_glass,
          ebering_ghost_sewer_d, serial_shops, shop, grunt_ministairs_15,
          abandoned_shop, uniq_jeremiah, uniq_eustachio, uniq_pikel,
          uniq_blork_the_orc

Skill      XL: |  1  2  3  4  5  6  7 |
---------------+----------------------+-----
Fighting       | 2 3 4 5 |  5.0
Maces & Flails | 3 5 6 |  6.6
Throwing       | |  1.7
Dodging        | |  2.1

Action                     |  1- 3 |  4- 6 |  7- 9 || total
---------------------------+-------+-------+-------++-------
  Melee: Flail             |   115 |   184 |    47 ||   346
         Tailslap          |    14 |    25 |     8 ||    47
  Throw: Throwing net      |       |     2 |       ||     2
   Stab: Sleeping          |     1 |       |       ||     1
 Armour: Leather armour    |    24 |       |       ||    24
         Scale mail        |    63 |     6 |       ||    69
         Chain mail        |       |   163 |    92 ||   255
         Skin              |       |    20 |       ||    20
  Dodge: Dodged            |    61 |    71 |    29 ||   161

Table legend: (Time is in decaauts)
 A = Elapsed time spent in this place.
 B = Non-inter-level travel time spent in this place.
 C = Inter-level travel time spent in this place.
 D = Time resting spent in this place.
 E = Time spent auto-exploring this place.
 F = Levels seen in this place.
 G = Mean time per level.
                   A        B        C        D        E       F      G
               +--------+--------+--------+--------+--------+-----+--------+
         Total |   4111 |   4001 |    110 |    327 |   2820 |   6 |  685.2 |
       Dungeon |   4111 |   4001 |    110 |    327 |   2820 |   6 |  685.2 |
               +--------+--------+--------+--------+--------+-----+--------+

Top non-repeatable levels by time:
     D:4: 1199 daAuts
     D:3: 1103 daAuts
     D:2: 616 daAuts
     D:1: 611 daAuts
     D:5: 502 daAuts
     D:6: 78 daAuts
